 Dungeon Crawl Stone Soup version 0.25-a0-21-ga5a8db46c7 (webtiles) character file.

Game seed: 16495844948375983397, levelgen mode: deterministic

310 Gynju the Magician (level 6, -16/32 HPs)
             Began as a Deep Elf Fire Elementalist on Oct 16, 2019.
             Was an Initiate of Vehumet.
             Engulfed by a cloud of flame (24 damage)
             ... on level 4 of the Dungeon.
             The game lasted 00:06:25 (3460 turns).

Gynju the Magician (Deep Elf Fire Elementalist)     Turns: 3460, Time: 00:06:25

Health: -16/32     AC:  3    Str:  5    XL:     6   Next: 18%
Magic:  15/15      EV: 14    Int: 22    God:    Vehumet [......]
Gold:   142        SH:  0    Dex: 15    Spells: 9/15 levels left

rFire    . . .     SeeInvis .   g - +0 whip (freeze)
rCold    . . .     Gourm    .   (no shield)
rNeg     . . .     Faith    .   a - +0 robe
rPois    .         Spirit   .   t - +0 helmet
rElec    .         Reflect  .   (no cloak)
rCorr    .         Harm     .   (no gloves)
MR       .....                  (no boots)
Stlth    ++........             (no amulet)
HPRegen  0.10/turn              (no ring)
MPRegen  0.14/turn              (no ring)

@: no status effects
A: no striking features
a: Renounce Religion


You were on level 4 of the Dungeon.
You worshipped Vehumet.
Vehumet was noncommittal.
You were not hungry.

You visited 1 branch of the dungeon, and saw 4 of its levels.

You collected 142 gold pieces.

Inventory:

Hand Weapons
 b - a +0 dagger
 g - a +0 whip of freezing (weapon)
Missiles
 k - 15 poisoned darts (quivered)
Armour
 a - a +0 robe (worn)
 t - a +0 helmet (worn)
Jewellery
 n - an uncursed ring of positive energy
Wands
 s - a wand of disintegration (13)
Scrolls
 e - 2 scrolls of identify {unknown}
 j - 2 scrolls of teleportation {unknown}
 l - 2 scrolls of remove curse {unknown}
 p - a scroll of magic mapping {unknown}
 q - a scroll of fear {unknown}
Potions
 d - a potion of invisibility {unknown}
 f - a potion of degeneration {unknown}
 h - a potion of haste {unknown}
 i - 2 potions of curing {unknown}
 m - a potion of flight {unknown}
 o - a potion of might {unknown}
 r - a potion of brilliance {unknown}
Comestibles
 c - 3 rations
 u - 4 chunks of flesh


   Skills:
 + Level 4.4 Dodging
 - Level 2.4 Stealth
 + Level 5.0 Spellcasting
 + Level 3.4 Conjurations
 + Level 4.7 Fire Magic


You had 9 spell levels left.
You knew the following spells:

 Your Spells              Type           Power        Failure   Level  Hunger
a - Flame Tongue          Conj/Fire      ###..        1%          1    None
b - Throw Flame           Conj/Fire      ###...       2%          2    None
c - Conjure Flame         Conj/Fire      ###.....     5%          3    ##.....

Your spell library contained the following spells:

 Spells                   Type           Power        Failure   Level  Hunger
 Inner Flame              Hex/Fire       ###.....     12%         3    ##.....
 Sticky Flame             Conj/Fire      ###.....     19%         4    ####...
 Fireball                 Conj/Fire      ###.......   45%         5    #####..


Dungeon Overview and Level Annotations

Branches:
Dungeon (4/15)
 Temple: D:4-7

Altars:
Nemelex Xobeh
Okawaru
Uskayaw
Vehumet


Message History

Confirm with . or Enter, or press ? or * to list all spells.
You can't see any susceptible monsters within range! (Use Z to cast anyway.)
You see here an orc corpse.
You butcher the orc corpse.
u - 4 chunks of flesh You see here an orc skeleton.
There is a stone staircase leading up, spattered with blood here.
You start resting.
Magic restored.
HP restored.
Really walk into a travel-excluded area?
There is a radiant altar of Vehumet here.
You kneel at the altar of Vehumet.
Vehumet welcomes you!
You are engulfed in blazing flames.
Ouch! That really hurt!
* * * LOW HITPOINT WARNING * * *
You are engulfed in blazing flames.
Ouch! That really hurt!
You die...

..............###.?#####..
...................#.(....
..........................
.......)....####..........
#.......#..# #.○........
#.)÷..#..## #.☼☼.......
#........# #°._°......
##.......## ##.§.°.#...#
#.........####.@....##. #
...................###
###...##..<...###..#
###..#.....## ##..#
##......## ##.# ##....##
..# ##..## ...# #..# ?..
##..


There were no monsters in sight!

Vanquished Creatures
  Menkaure (D:4)
  A hound (D:4)
  An orc wizard (D:4)
  An orc priest (D:3)
  Jessica (D:3)
  An adder (D:3)
  A leopard gecko (D:2)
  6 orcs
  2 ball pythons
  6 giant cockroaches
  3 goblins
  7 hobgoblins
  3 jackals (D:1)
  A quokka (D:3)
  2 bats (D:1)
  4 frilled lizards
  12 kobolds
  A quokka skeleton (D:4)
  5 rats
59 creatures vanquished.

Notes
Turn   | Place    | Note
-------+----------+-------------------------------------------
     0 | D:1      | Gynju the Deep Elf Fire Elementalist began the quest for
                  | the Orb.
     0 | D:1      | Reached XP level 1. HP: 10/10 MP: 6/6
   231 | D:1      | Reached XP level 2. HP: 15/15 MP: 2/8
  1172 | D:2      | Reached XP level 3. HP: 19/19 MP: 8/10
  1176 | D:2      | Learned a level 2 spell: Throw Flame
  1180 | D:2      | Learned a level 3 spell: Conjure Flame
  1605 | D:2      | Found a sparkling altar of Nemelex Xobeh.
  2376 | D:3      | Reached skill level 4 in Spellcasting
  2376 | D:3      | Reached XP level 4. HP: 16/24 MP: 7/12
  2713 | D:3      | Found a faded altar of an unknown god.
  2732 | D:3      | Found a hide-covered altar of Uskayaw.
  2733 | D:3      | Found an iron altar of Okawaru.
  2878 | D:3      | Noticed Jessica
  2881 | D:3      | Killed Jessica
  3113 | D:4      | Reached XP level 5. HP: 28/28 MP: 9/13
  3151 | D:4      | Found a radiant altar of Vehumet.
  3153 | D:4      | Noticed Menkaure
  3177 | D:4      | Killed Menkaure
  3177 | D:4      | Reached XP level 6. HP: 16/32 MP: 7/15
  3313 | D:4      | Reached skill level 5 in Spellcasting
  3458 | D:4      | Became a worshipper of Vehumet
  3460 | D:4      | Engulfed by a cloud of flame

Levels and vault maps discovered:
D:1:      dpeg_arrival_stone_temple_mockup, layout_basic,
          chequers_serial_rivers_large_a, st_stairs_11
D:2:      layout_loops_ring, marbit_many_paths
D:3:      layout_loops_cross, gammafunk_temple_overflow_statue,
          chequers_ecumenical_altar_simple, minivault_27, uniq_jessica
D:4:      layout_layer_cave, fiery_altar_vehumet, first_ration,
          hangedman_glass_teeth, uniq_menkaure, uniq_grinder

Skill      XL: |  1  2  3  4  5  6 |
---------------+-------------------+-----
Dodging        | 3 4 |  4.4
Conjurations   | 2 3 |  3.4
Spellcasting   | 4 5 |  5.0
Fire Magic     | 4 |  4.7
Stealth        | |  2.4

Action                   |  1- 3 |  4- 6 || total
-------------------------+-------+-------++-------
Melee: Dagger            |     8 |       ||     8
       Whip              |    12 |       ||    12
 Cast: Flame Tongue      |    73 |    34 ||   107
 Stab: Sleeping          |     1 |       ||     1
  Eat: Chunk             |     4 |     1 ||     5
       Ration            |       |     1 ||     1
Armor: Robe              |    13 |       ||    13
Dodge: Dodged            |    39 |     3 ||    42

Table legend:
 A = Non-vault XP
 B = Vault XP
 C = Vault XP percentage of total XP
 D = Non-vault monster count
 E = Vault monster count
 F = Vault count percentage of total count
                 A         B        C        D         E       F
            +---------+---------+-------+---------+---------+-------
      Total |     229 |     215 |  48.4 |      53 |       6 |  10.2
            +---------+---------+-------+---------+---------+-------
        D:1 |      33 |       5 |  13.2 |      19 |       3 |  13.6
        D:2 |      31 |       1 |   3.1 |      17 |       1 |   5.6
        D:3 |      73 |      37 |  33.6 |      12 |       1 |   7.7
        D:4 |      92 |     172 |  65.2 |       5 |       1 |  16.7
            +---------+---------+-------+---------+---------+-------
